AoeStats
← Eldomador

Arabia

510454763Analyzed
1v1 RM · 24h ago on Oct 1, 2026· 44m 45s· 2 players
Game mode
Random Map
Map size
Tiny (2 player)
Population
200
Speed
Normal
Resources
Standard
Victory
Conquest
Starting age
Dark Age
Ending age
Imperial Age
RankedLock teamsTeams togetherTeam positionsShared explorationLock speedFull tech treeHidden civsTurbo modeCheats
Victory
Defeat
🇲🇽 Magyars · Mexico
833
+16
🇦🇷 Celts · Argentina
843
-16
RIO1000
4:24 Loom
10:30 Feudal Age
11:08 Double-Bit Axe
19:40 Castle Age
19:09 Scale Barding Armor
19:01 Gold Mining
19:38 Horse Collar
20:43 Bow Saw
22:10 Heavy Plow
25:48 Bloodlines
26:19 Husbandry
27:05 Wheelbarrow
27:56 Chain Barding Armor
27:49 Stone Mining
28:51 Town Watch
30:09 Hand Cart
31:27 Town Patrol
36:29 Imperial Age
36:43 Imperial Age
35:43 Corvinian Army
36:02 Fletching
35:48 Light Cavalry
37:07 Bodkin Arrow
38:01 Plate Barding Armor
36:50 Cavalier
36:53 Hussar
38:30 Bracer
39:18 Crop Rotation
40:53 Gold Shaft Mining
40:53 Conscription
43:39 Arson
Eldomador
10:44 Feudal Age
16:48 Castle Age
16:05 Double-Bit Axe
16:02 Horse Collar
17:43 Loom
19:52 Stone Mining
19:53 Gold Mining
24:57 Heavy Plow
26:04 Wheelbarrow
25:15 Town Watch
25:56 Fletching
26:59 Bow Saw
28:18 Hand Cart
29:56 Gold Shaft Mining
29:57 Stone Shaft Mining
29:45 Ballistics
29:59 Town Patrol
31:50 Pikeman
31:54 Elite Skirmisher
35:20 Imperial Age
34:26 Forging
34:17 Scale Mail Armor
36:09 Heavy Scorpion
36:31 Capped Ram
37:14 Husbandry
36:35 Cavalier
36:38 Halberdier
38:34 Chemistry
38:58 Siege Ram
40:01 Conscription
39:58 Furor Celtica
41:24 Iron Casting
40:46 Bodkin Arrow
40:52 Padded Archer Armor
40:58 Scale Barding Armor
42:52 Chain Mail Armor
43:37 Blast Furnace
44:29 Paladin
Connection lost

Rejoining the realm…

Still unreachable

The connection could not be restored.

Session expired

The server has moved on; the page needs a fresh start.